 Dungeon Crawl Stone Soup version 0.32-a0-42-ga30500b4d3 (webtiles) character file.

Game seed: 7725709673005450666

1148 Ambrosia the Trooper (level 8, -7/111 HPs)
             Began as a Minotaur Gladiator on Feb 2, 2024.
             Was a Follower of Okawaru.
             Mangled by a gnoll
             ... wielding a +0 halberd
             ... led by a gnoll sergeant
              (8 damage)
             ... on level 6 of the Dungeon.
             The game lasted 00:04:58 (4804 turns).

Ambrosia the Trooper (Minotaur Gladiator)           Turns: 4804, Time: 00:04:59

Health: -7/111     AC: 24    Str: 22    XL:     8   Next: 15%
Magic:  16/16      EV:  2    Int:  5    God:    Okawaru [*.....]
Gold:   333        SH:  0    Dex: 11    Spells: 7/7 levels left

rFire   . . .        a - +2 quarterstaff (spect)
rCold   . . .        (shield currently unavailable)
rNeg    . . .        p - melded +0 plate armour
rPois   +            c - melded +1 hat
rElec   .            (cloak currently unavailable)
rCorr   .            (gloves currently unavailable)
SInv    .            (boots currently unavailable)
Will    .....        (no amulet)
Stlth   +            i - ring of magical power {MP+9}
HPRegen 0.38/turn    (no ring)
MPRegen 0.15/turn

%: no passive effects
@: tree-form, invisible
A: stationary, stasis, torment immunity, boosted hp, (horns 2), (retaliatory
headbutt)
a: Renounce Religion, Heroism


You were on level 6 of the Dungeon.
You worshipped Okawaru.
Okawaru was aware of your devotion.
You were a tree.
You visited 2 branches of the dungeon, and saw 7 of its levels.
You also visited: Ossuary.

You collected 333 gold pieces.

Inventory:

Hand Weapons
 a - a +2 spectral quarterstaff (weapon)
Missiles
 d - a throwing net (quivered) {=f, !d}
 e - a javelin
Armour
 c - a +1 hat (melded)
 p - a +0 plate armour (melded)
   (You took it off a kobold on level 2 of the Dungeon)
Magical Staves
 g - a staff of conjuration
   (You found it on level 1 of the Dungeon)
Jewellery
 i - a ring of magical power (left branch) {MP+9}
   (You found it on level 2 of the Dungeon)
Scrolls
 b - a scroll of revelation
 f - 2 scrolls of amnesia
 k - 2 scrolls of teleportation {!r!d, @r3}
 n - 5 scrolls of identify {@r1}
 o - 2 scrolls of butterflies
Potions
 h - 2 potions of haste
 m - a potion of brilliance
 q - a potion of enlightenment


   Skills:
 * Level 7.7 Fighting
 + Level 6.3 Staves
 - Level 2.0 Throwing
 * Level 7.0 Armour
 - Level 3.2 Dodging
 - Level 0.5 Shields


You had 7 spell levels left.
You didn't know any spells.
Your spell library contained the following spells:

 Spells                   Type           Power      Damage    Failure   Level
 Slow                     Hex            0%         N/A       47%         1
 Confusing Touch          Hex            0%         N/A       85%         3
 Dazzling Flash           Conj/Hex       0%         N/A       85%         3
 Mephitic Cloud           Conj/Alch/Air  0%         N/A       85%         3
 Sigil of Binding         Hex            0%         N/A       85%         3
 Vampiric Draining        Necr           0%         2d6       85%         3
 Curse of Agony           Necr           0%         N/A       100%        5
 Silence                  Hex/Air        0%         N/A       100%        5


Dungeon Overview and Level Annotations

Branches:
Dungeon (6/15) Zot: 26811  Temple (1/1) D:4 Zot: 5952 Ossuary (visited)

Altars:
Ashenzari
Cheibriados
Dithmenos
Elyvilon
Fedhas
Gozag
Hepliaklqana
Kikubaaqudgha
Nemelex Xobeh
Okawaru
Trog
Uskayaw
Vehumet
Xom
Yredelemnul
Zin
The Shining One


Innate Abilities, Weirdness & Mutations

You are a tree.
Your roots penetrate the ground, keeping you stationary.
You cannot be teleported.
You are immune to unholy pain and torment.
Your maximum health is greatly increased.
Your equipment is partially melded.
((You have a pair of horns on your head.))
((You reflexively headbutt those who attack you in melee.))


Message History

You attack the rock wall.
The gnoll sergeant hits you but does no damage.
The gnoll hits you from afar with a +0 halberd.
You regained 4 hp, and now have 57/111 hp.
You hit the gnoll sergeant.
You feel less invigorated.
You feel less confused.
The gnoll sergeant hits you but does no damage.
The gnoll hits you from afar with a +0 halberd.
You hit the gnoll sergeant but do no damage.
The gnoll sergeant hits you but does no damage.
The gnoll hits you from afar with a +0 halberd.
You take 3 damage, and have 55/111 hp.
You barely miss the gnoll sergeant. The gnoll sergeant barely misses you.
The gnoll hits you from afar with a +0 halberd.
You take 1 damage, and have 54/111 hp.
You sock the gnoll sergeant!
The gnoll sergeant hits you but does no damage.
The gnoll hits you from afar with a +0 halberd.
You take 4 damage, and have 50/111 hp.
The gnoll sergeant blocks your attack.
The gnoll sergeant hits you but does no damage.
The gnoll hits you but does no damage.
You hit the gnoll sergeant.
The sky beast flickers out of sight!
Deactivating autopickup; reactivate with Ctrl-A.
The gnoll sergeant hits you with a +1 spear of freezing.
The gnoll sergeant freezes you. The gnoll hits you but does no damage.
You take 1 damage, and have 49/111 hp.
The gnoll sergeant blocks your attack.
The gnoll sergeant hits you with a +1 spear of freezing!
The gnoll sergeant freezes you.
The gnoll hits you from afar with a +0 halberd.
You take 12 damage, and have 37/111 hp.
You barely miss the gnoll sergeant. The gnoll hits you but does no damage.
You closely miss something.
The gnoll sergeant hits you but does no damage.
The gnoll hits you but does no damage.
You hit something but do no damage. Something hits you but does no damage.
The gnoll sergeant throws a stone.
The gnoll hits you but does no damage.
You completely miss something. Something hits you but does no damage.
The gnoll sergeant hits you but does no damage.
The gnoll hits you from afar with a +0 halberd.
* * * LOW HITPOINT WARNING * * *
You take 5 damage, and have 33/111 hp.
You hit something but do no damage. Something hits you but does no damage.
The gnoll sergeant throws a stone.
The gnoll hits you from afar with a +0 halberd.
* * * LOW HITPOINT WARNING * * *
You take 4 damage, and have 29/111 hp.
You closely miss something.
A black bear comes into view.
Something hits you but does no damage.
The gnoll sergeant hits you but does no damage.
The gnoll barely misses you.
You miss something. Something hits you but does no damage.
The gnoll sergeant throws a stone.
The stone hits you but does no damage. The gnoll hits you but does no damage.
The black bear growls angrily.
You sock something! Something hits you but does no damage.
The gnoll sergeant hits you but does no damage.
The gnoll hits you from afar with a +0 halberd!
* * * LOW HITPOINT WARNING * * *
You take 10 damage, and have 20/111 hp.
You miss something. Something hits you but does no damage.
The gnoll sergeant throws a stone.
The stone hits you but does no damage. The gnoll hits you but does no damage.
You barely miss something. Something hits you but does no damage.
The gnoll sergeant hits you but does no damage.
The gnoll hits you but does no damage.
You barely miss something. Something hits you but does no damage.
The gnoll sergeant hits you from afar with a +1 spear of freezing!
* * * LOW HITPOINT WARNING * * *
The gnoll sergeant freezes you.
* * * LOW HITPOINT WARNING * * *
The gnoll hits you but does no damage.
You take 9 damage, and have 12/111 hp.
You sock something! Okawaru accepts your kill.
Reactivating autopickup.
You feel a bit more experienced.
The gnoll sergeant hits you from afar with a +1 spear of freezing!
* * * LOW HITPOINT WARNING * * *
The gnoll sergeant freezes you.
* * * LOW HITPOINT WARNING * * *
The gnoll hits you but does no damage.
You take 11 damage, and have 1/111 hp.
Okay, then.
Okay, then.
You fade into invisibility!
The gnoll sergeant hits you but does no damage.
The orc hits you but does no damage. The gnoll hits you but does no damage.
Hit: a) +2 quarterstaff (spect)
Press: ? - help, Dir - move target, f - orc
Aim: an orc, wielding a +0 whip (unable to see you, about 34% to evade your +2 spectral quarterstaff)
You strike the helpless orc from behind!
You sock the orc!
You kill the orc!
Okawaru accepts your kill.
The gnoll sergeant hits you but does no damage.
The gnoll hits you from afar with a +0 halberd!
You die...

#. #... #.####..#
.....#..# ........
......# # #.#...#
.#.##
#.#...######g.....
#.#....?..♣)gh....
#.#.#.##)###..####
#.####.#...##.#
....
#......#^.###.#
#### #####..#†.#
... .#####..#..#
.#. ...........##.
.# #####...##.###
## #.....#.#


You could see a black bear (unable to see you), a gnoll sergeant (unable to see
you) and a gnoll (unable to see you).

Vanquished Creatures
  A sky beast (D:6)
  A black bear (D:5)
  2 ogres (D:2 D:4)
  An ice beast (D:5)
  A bullfrog (D:6)
  A scorpion (D:5)
  2 wights (Ossuary)
  A burial acolyte (Ossuary)
  2 orc priests (D:5 D:6)
  3 bombardier beetles (D:4 D:5 D:6)
  2 hounds (D:5)
  An iguana (D:6)
  A sleepcap (D:6)
  2 orc wizards (D:5)
  A mummy (Ossuary)
  5 adders (D:2 D:4 D:5)
  3 gnolls (D:6)
  A dart slug (D:2)
  A ribbon worm (D:3)
  11 orcs (D:4 D:5 D:6)
  2 ball pythons (D:1 D:2)
  4 endoplasms (D:1 D:2 D:4)
  7 giant cockroaches (D:2 D:3 D:4)
  6 goblins (D:1 D:2 D:3 D:4)
  2 hobgoblins (D:4)
  2 quokkas (D:1 D:4)
  7 bats (D:2 D:3)
  5 frilled lizards (D:1 D:2 D:3)
  7 gnoll skeletons (Ossuary)
  5 kobolds (D:2 D:4)
  3 kobold skeletons (Ossuary)
  9 orc skeletons (Ossuary)
  3 rats (D:2)
105 creatures vanquished.

Vanquished Creatures (others)
  An orc (D:5)
1 creature vanquished.

Grand Total: 106 creatures vanquished

Notes
Turn   | Place    | Note
-------+----------+-------------------------------------------
     0 | D:1      | Ambrosia the Minotaur Gladiator began the quest for the
                  | Orb.
     0 | D:1      | Reached XP level 1. HP: 18/18 MP: 0/0
   580 | D:2      | Reached XP level 2. HP: 24/25 MP: 1/1
   624 | D:2      | Reached skill level 1 in Armour
   726 | D:2      | Reached skill level 3 in Fighting
  1080 | D:2      | Reached XP level 3. HP: 31/31 MP: 2/2
  1235 | D:2      | Reached skill level 4 in Staves
  1330 | D:2      | Noticed an ogre
  1333 | D:2      | Reached skill level 2 in Armour
  1346 | D:2      | Killed an ogre
  1347 | D:2      | Reached skill level 4 in Fighting
  1347 | D:2      | Reached skill level 3 in Armour
  1347 | D:2      | Reached XP level 4. HP: 34/41 MP: 3/3
  1347 | D:2      | Reached XP level 5. HP: 39/47 MP: 4/4
  1758 | D:3      | Found a glowing silver altar of Zin.
  2387 | D:4      | Found a staircase to the Ecumenical Temple.
  2394 | D:4      | Noticed an ogre
  2399 | D:4      | HP: 10/47 [ogre/+0 giant spiked club (19)]
  2402 | D:4      | Killed an ogre
  2403 | D:4      | Reached skill level 5 in Fighting
  2403 | D:4      | Reached skill level 4 in Armour
  2775 | Temple   | Entered the Ecumenical Temple
  2808 | Temple   | Became a worshipper of Warmaster Okawaru
  2865 | D:4      | Reached XP level 6. HP: 56/56 MP: 5/5
  3360 | D:4      | Found a sparkling altar of Nemelex Xobeh.
  3646 | D:5      | Entered Level 5 of the Dungeon
  3654 | D:5      | Reached skill level 5 in Staves
  3715 | D:5      | Noticed an ice beast
  3723 | D:5      | Killed an ice beast
  3724 | D:5      | Reached skill level 5 in Armour
  3769 | D:5      | Reached skill level 6 in Fighting
  3886 | D:5      | Reached * piety under Okawaru
  3887 | D:5      | Reached XP level 7. HP: 63/63 MP: 6/6
  4192 | D:5      | Found a sand-covered staircase.
  4293 | Ossuary  | Entered an ossuary
  4311 | Ossuary  | Reached skill level 6 in Armour
  4412 | Ossuary  | Reached skill level 7 in Fighting
  4417 | Ossuary  | Reached skill level 6 in Staves
  4720 | D:6      | Reached XP level 8. HP: 71/73 MP: 7/7
  4773 | D:6      | Reached skill level 7 in Armour
  4775 | D:6      | HP: 35/74 [gnoll sergeant/+1 spear of freezing (3)]
  4780 | D:6      | HP: 52/111 [gnoll sergeant/+1 spear of freezing (8)]
  4785 | D:6      | HP: 55/111 [gnoll/+0 halberd[a gnoll sergeant] (3)]
  4790 | D:6      | HP: 42/111 [gnoll sergeant/+1 spear of freezing (7)]
  4795 | D:6      | HP: 29/111 [gnoll/+0 halberd[a gnoll sergeant] (5)]
  4801 | D:6      | HP: 14/111 [gnoll sergeant/+1 spear of freezing (7)]
  4802 | D:6      | HP: 5/111 [gnoll sergeant/+1 spear of freezing (8)]
  4802 | D:6      | HP: 1/111 [gnoll sergeant/+1 spear of freezing (4)]
  4804 | D:6      | Mangled by a gnoll

Illustrated notes

Levels and vault maps discovered:
D:1:      dpeg_arrival_simpleton_b, layout_rooms, minmay_bisected
D:2:      layout_basic, minmay_divided_ellipse
D:3:      layout_loops_ring, zin_statuary
D:4:      layout_loops_cross, nemelex_diamond_rough_becter,
          minmay_temple_entry_waves, chequers_serial_rivers_micro_b,
          dk_rats_in_the_wall
D:5:      layout_rooms, nicolae_ossuary_entry_false_entrances
D:6:      layout_loops_ring, serial_shops, shop, nicolae_nh_oracle_at_delphi
Temple:   eino_wide_crystal_templ

Skill      XL: |  1  2  3  4  5  6  7  8 |
---------------+-------------------------+-----
Armour         | 1 3 4 5 6 7 |  7.0
Fighting       | 3 4 5 6 7 |  7.7
Staves         | 4 5 6 |  6.3
Throwing       | |  2.0
Dodging        | |  3.2
Shields        | |  0.5

Action                     |  1- 3 |  4- 6 |  7- 9 || total
---------------------------+-------+-------+-------++-------
  Melee: Quarterstaff      |    55 |    78 |   104 ||   237
         Headbutt          |     7 |     6 |    13 ||    26
  Throw: Throwing net      |       |     3 |       ||     3
    Use: Scroll            |     6 |     4 |     4 ||    14
         Potion            |       |     1 |     7 ||     8
   Stab: Invisible         |       |       |     1 ||     1
 Armour: Leather armour    |    35 |     6 |       ||    41
         Plate armour      |       |    46 |    64 ||   110
         Skin              |       |     1 |    57 ||    58
  Dodge: Dodged            |    45 |    36 |    25 ||   106

Table legend: (Time is in decaauts)
 A = Elapsed time spent in this place.
 B = Non-inter-level travel time spent in this place.
 C = Inter-level travel time spent in this place.
 D = Time resting spent in this place.
 E = Time spent auto-exploring this place.
 F = Levels seen in this place.
 G = Mean time per level.
                   A        B        C        D        E       F      G
               +--------+--------+--------+--------+--------+-----+--------+
         Total |   4796 |   4617 |    179 |    377 |   3563 |   8 |  599.5 |
       Dungeon |   4449 |   4280 |    169 |    353 |   3384 |   6 |  741.5 |
        Temple |     47 |     37 |     10 |      0 |      0 |   1 |   47.0 |
       Ossuary |    299 |    299 |      0 |     24 |    179 |   1 |  299.0 |
               +--------+--------+--------+--------+--------+-----+--------+

Top non-repeatable levels by time:
     D:4: 1259 daAuts
     D:2: 1120 daAuts
     D:3: 718 daAuts
     D:5: 653 daAuts
     D:1: 510 daAuts
 Ossuary: 299 daAuts
     D:6: 187 daAuts
  Temple: 47 daAuts

Levels and vault maps discovered:
D:1:      dpeg_arrival_simpleton_b, layout_rooms, minmay_bisected
D:2:      layout_basic, minmay_divided_ellipse
D:3:      layout_loops_ring, zin_statuary
D:4:      layout_loops_cross, nemelex_diamond_rough_becter,
          minmay_temple_entry_waves, chequers_serial_rivers_micro_b,
          dk_rats_in_the_wall
D:5:      layout_rooms, nicolae_ossuary_entry_false_entrances
D:6:      layout_loops_ring, serial_shops, shop, nicolae_nh_oracle_at_delphi
Temple:   eino_wide_crystal_templ

Table legend: (Time is in decaauts)
 A = Elapsed time spent in this place.
 B = Non-inter-level travel time spent in this place.
 C = Inter-level travel time spent in this place.
 D = Time resting spent in this place.
 E = Time spent auto-exploring this place.
 F = Levels seen in this place.
 G = Mean time per level.
                   A        B        C        D        E       F      G
               +--------+--------+--------+--------+--------+-----+--------+
         Total |   4796 |   4617 |    179 |    377 |   3563 |   8 |  599.5 |
       Dungeon |   4449 |   4280 |    169 |    353 |   3384 |   6 |  741.5 |
        Temple |     47 |     37 |     10 |      0 |      0 |   1 |   47.0 |
       Ossuary |    299 |    299 |      0 |     24 |    179 |   1 |  299.0 |
               +--------+--------+--------+--------+--------+-----+--------+

Top non-repeatable levels by time:
     D:4: 1259 daAuts
     D:2: 1120 daAuts
     D:3: 718 daAuts
     D:5: 653 daAuts
     D:1: 510 daAuts
 Ossuary: 299 daAuts
     D:6: 187 daAuts
  Temple: 47 daAuts

Table legend:
 A = Kills in this place as a percentage of kills in the entire game.
 B = Kills by you in this place as a percentage of kills by you in the entire game.
 C = Kills by friends in this place as a percentage of kills by friends in the entire game.
 D = Other kills in this place as a percentage of other kills in the entire game.
 E = Experience gained in this place as a percentage of experience gained in the entire game.
 F = Experience gained in this place divided by the number of levels of this place that you have seen.
                   A       B       C       D       E      F
               +-------+-------+-------+-------+-------+----------------------
         Total | 100.0 | 100.0 |   N/A |   N/A | 100.0 | 205.5
       Dungeon |  78.1 |  78.1 |   N/A |   N/A |  84.5 | 231.5
       Ossuary |  21.9 |  21.9 |   N/A |   N/A |  15.5 | 255.0
               +-------+-------+-------+-------+-------+----------------------
